 Dungeon Crawl Stone Soup version 0.30-a0-748-ge6a52f7cba (webtiles) character file.

Game seed: 3847657613782210921

146 Anon1729 the Chopper (level 5, -1/70 HPs)
             Began as a Minotaur Monk on Feb 8, 2023.
             Slain by Ijyb
             ... wielding a +0 dagger
              (4 damage)
             ... on level 3 of the Dungeon.
             The game lasted 00:01:49 (1987 turns).

Anon1729 the Chopper (Minotaur Monk)                Turns: 1987, Time: 00:01:50

Health: -1/70      AC: 10    Str: 18 (21) XL:     5   Next: 7%
Magic:  4/4        EV:  2    Int:  4 (7)  God:
Gold:   112        SH:  3    Dex: 10 (13) Spells: 4/4 levels left

rFire   . . .      SeeInvis .    a - +0 hand axe
rCold   . . .      Faith    .    t - +0 buckler
rNeg    . . .      Spirit   .    (body armour currently unavailable)
rPois   +          Reflect  .    (helmet currently unavailable)
rElec   .          Harm     .    (cloak currently unavailable)
rCorr   .          Rampage  .    (gloves currently unavailable)
Will    .....      NoTele   +    (boots currently unavailable)
Stlth   ++                       (no amulet)
HPRegen 0.31/turn                e - +6 ring of strength
MPRegen 0.09/turn                (no ring)

@: tree-form, corroded
A: stationary, stasis, torment immunity, boosted hp, (horns 2), (retaliatory
headbutt), deterioration 1, weak 1
a: no special abilities


You were on level 3 of the Dungeon.
You were a tree.
You visited 1 branch of the dungeon, and saw 3 of its levels.

You collected 112 gold pieces.

Inventory:

Hand Weapons
 a - a +0 hand axe (weapon)
Missiles
 v - 3 poisoned darts (quivered)
Armour
 b - a +0 robe
 s - a +0 ring mail (melded)
 t - a +0 buckler (worn)
 u - a +0 cloak (melded)
Jewellery
 e - a +6 ring of strength (left branch)
Scrolls
 f - 3 scrolls of teleportation {unknown}
 g - a scroll of enchant armour {unknown}
 h - 4 scrolls of identify {unknown}
 l - a scroll of immolation {unknown}
 o - 2 scrolls of amnesia {unknown}
 p - a scroll of noise {unknown}
 r - a scroll of silence {unknown}
Potions
 d - a potion of curing {unknown}
 i - a potion of might {unknown}
 k - a potion of lignification
 m - a potion of mutation
 n - a potion of degeneration
 q - a potion of heal wounds {unknown}


   Skills:
 + Level 4.5 Fighting
 + Level 4.6 Axes
 + Level 2.5 Armour
 - Level 3.2 Dodging
 + Level 2.6 Stealth
 + Level 0.9 Shields
 + Level 0.6 Invocations


You had 4 spell levels left.
You didn't know any spells.
Your spell library contained the following spells:

 Spells                   Type           Power      Damage    Failure   Level
 Beastly Appendage        Tmut           0%         N/A       61%         1
 Wereblood                Tmut           0%         N/A       75%         2
 Spider Form              Tmut/Pois      0%         N/A       93%         3
 Summon Forest            Summ/Tloc      0%         N/A       100%        5
 Eringya's Noxious Bog    Tmut/Pois      0%         N/A       100%        6
 Summon Hydra             Summ           0%         N/A       100%        7


Dungeon Overview and Level Annotations

Branches:
Dungeon (3/15)

Altars:
Kikubaaqudgha

Annotations:
D:3 1 runed translucent door, Crazy Yiuf, Grinder, Ijyb


Innate Abilities, Weirdness & Mutations

You are a tree.
Your roots penetrate the ground, keeping you stationary.
You cannot be teleported.
You are immune to unholy pain and torment.
Your maximum health is greatly increased.
Your equipment is partially melded.
((You have a pair of horns on your head.))
((You reflexively headbutt those who attack you in melee.))
Your body sometimes deteriorates upon taking damage.
You are weak. (Str -2)


Message History

Ijyb is lightly wounded.
Ijyb screams, "Level is mine!
All mine!"
Ijyb hits you with a +0 dagger.
You barely miss Ijyb.
Ijyb is lightly wounded.
Ijyb hits you with a +0 dagger.
Ijyb zaps a wand.
The bolt of acid hits you!
* * * LOW HITPOINT WARNING * * *
The acid corrodes you!
You are too injured to fight recklessly!
You are too injured to fight recklessly!
You are too injured to fight recklessly!
You are too injured to fight recklessly!
You are too injured to fight recklessly!
You are too injured to fight recklessly!
You are too injured to fight recklessly!
You are too injured to fight recklessly!
You are too injured to fight recklessly!
You aren't carrying any items that you can evoke.
Unknown command.
You are confused.
You feel invigorated. Ijyb hits you with a +0 dagger.
* * * LOW HITPOINT WARNING * * *
It was a potion of flight.
You feel very buoyant.
You fly up into the air.
Ijyb hits you with a +0 dagger.
It was a potion of mutation.
You feel extremely strange.
You feel yourself wasting away.
You feel weaker. Ijyb misses you.
It was a potion of degeneration.
There was something very wrong with that liquid.
You feel weakened.
You feel dopey.
You feel clumsy.
You feel less invigorated.
You feel less confused.
Ijyb zaps a wand.
The bolt of acid hits you!!
* * * LOW HITPOINT WARNING * * *
The acid corrodes you!
It was a potion of lignification.
You turn into a tree.
Your +0 cloak melds into your body.
Your +0 ring mail melds into your body.
Your roots penetrate the ground.
Ijyb hits you with a +0 dagger.
You die...

#.......................#
#..........##.......†..#
#..........##..........##
#############...........#
####...........####
####.................#
#.........##########..
#......#### ### #....♣.#
####.g.# #...# ### ♣♣#
#...# #)..#♣♣ ♣♣.. #...#
#...+.♣♣♣♣... #...#
#...#♣..♣.... #...# ###
♣♣♣.♣... ##### ♣♣♣♣♣#


You could see Ijyb.

Vanquished Creatures
  5 gnolls
  2 adders
  4 worms (D:2)
  2 dart slugs (D:1)
  3 endoplasms
  A giant cockroach (D:2)
  8 goblins
  3 hobgoblins
  8 jackals (D:1)
  6 kobolds
  3 quokkas (D:2)
  7 ball pythons
  5 bats
  2 frilled lizards
  3 rats
62 creatures vanquished.

Notes
Turn   | Place    | Note
-------+----------+-------------------------------------------
     0 | D:1      | Anon1729 the Minotaur Monk began the quest for the Orb.
     0 | D:1      | Reached XP level 1. HP: 19/19 MP: 0/0
   105 | D:1      | Reached XP level 2. HP: 26/27 MP: 1/1
   139 | D:1      | Reached skill level 1 in Armour
   365 | D:1      | Reached XP level 3. HP: 30/33 MP: 2/2
  1083 | D:2      | Found an ancient bone altar of Kikubaaqudgha.
  1169 | D:2      | Reached XP level 4. HP: 38/40 MP: 3/3
  1833 | D:3      | Noticed Grinder
  1910 | D:3      | Found a runed translucent door.
  1911 | D:3      | Noticed Crazy Yiuf
  1943 | D:3      | Reached XP level 5. HP: 47/47 MP: 4/4
  1972 | D:3      | Noticed Ijyb
  1985 | D:3      | Gained mutation: Your body sometimes deteriorates upon
                  | taking damage. [potion of mutation]
  1985 | D:3      | Gained mutation: You are weak. (Str -2) [potion of
                  | mutation]
  1986 | D:3      | HP: 1/47 [Ijyb/bolt of acid (21)]
  1987 | D:3      | Slain by Ijyb

Illustrated notes

Levels and vault maps discovered:
D:1:      dpeg_arrival_long_road, layout_basic
D:2:      layout_loops_ring, basic_altar, minmay_tromino_mix6
D:3:      layout_basic, uniq_grinder, uniq_crazy_yiuf_cottage, uniq_ijyb

Skill      XL: |  1  2  3 |
---------------+----------+-----
Armour         | 1 2 |  2.5
Fighting       | 4 |  4.5
Axes           | 4 |  4.6
Stealth        | 2 |  2.6
Dodging        | |  3.2
Shields        | |  0.9
Invocations    | |  0.6

Action                     |  1- 3 |  4- 6 || total
---------------------------+-------+-------++-------
  Melee: Hand axe          |    80 |    53 ||   133
         Headbutt          |    13 |     8 ||    21
    Use: Potion            |       |     5 ||     5
   Stab: Sleeping          |     1 |     5 ||     6
 Armour: Robe              |    15 |     2 ||    17
         Ring mail         |       |     7 ||     7
  Dodge: Dodged            |    53 |    23 ||    76
  Block: Buckler           |       |     4 ||     4

Table legend: (Time is in decaauts)
 A = Elapsed time spent in this place.
 B = Non-inter-level travel time spent in this place.
 C = Inter-level travel time spent in this place.
 D = Time resting spent in this place.
 E = Time spent auto-exploring this place.
 F = Levels seen in this place.
 G = Mean time per level.
                   A        B        C        D        E       F      G
               +--------+--------+--------+--------+--------+-----+--------+
         Total |   2000 |   1934 |     66 |      0 |   1531 |   3 |  666.7 |
       Dungeon |   2000 |   1934 |     66 |      0 |   1531 |   3 |  666.7 |
               +--------+--------+--------+--------+--------+-----+--------+

Top non-repeatable levels by time:
     D:2: 1032 daAuts
     D:1: 830 daAuts
     D:3: 136 daAuts
